MLB
BALTIMORE ORIOLES @ TORONTO BLUE JAYS
10/10/2098
 
TOP OF THE 1ST
Baltimore Orioles batting - Pitching for Toronto Blue Jays : LHP Mike Cerretani
Pitching: LHP Mike Cerretani
Batting: LHB Jeremy Marshall 0-0: Called Strike
0-1: Swinging Strike
0-2: Ball
1-2: Ball
2-2: Strikes out looking
Batting: LHB Jerry Peterson 0-0: Ground out U3 (Groundball, 3, EV 86.9 MPH)
Batting: RHB Eduardo Lopez 0-0: Ball
1-0: Ball
2-0: Ball
3-0: Base on Balls
Batting: RHB Travis Darling 0-0: Called Strike
0-1: Called Strike
0-2: Ground out 5-3 (Groundball, 56S, EV 81.3 MPH)
Top of the 1st over - 0 runs, 0 hits, 0 errors, 1 left on base; Baltimore 0 - Toronto 0
BOTTOM OF THE 1ST
Toronto Blue Jays batting - Pitching for Baltimore Orioles : RHP Chris Hafer
Pitching: RHP Chris Hafer
Batting: LHB Collin Coleman 0-0: Foul Ball, location: 5SF
0-1: Ball
1-1: Ball
2-1: Ball
3-1: Foul Ball, location: 2F
3-2: DOUBLE (Line Drive, 9LS, EV 106.9 MPH)
Batting: RHB Greg Whitaker 0-0: Called Strike
0-1: Foul Ball, location: 7LSF
0-2: Foul Ball, location: 9LSFF
0-2: Ball
1-2: Ball
2-2: Fly out, F9 (Flyball, 9, EV 82.5 MPH)
Batting: LHB John Slaff 0-0: Ground out 6-3 (Groundball, 6, EV 96.3 MPH)
Collin Coleman to third
Batting: SHB Dennis Desper 0-0: Called Strike
0-1: Ball
1-1: Foul Ball, location: 7LDF
1-2: Ground out 1-3 (Groundball, 13, EV 74.4 MPH)
Bottom of the 1st over - 0 runs, 1 hit, 0 errors, 1 left on base; Baltimore 0 - Toronto 0
TOP OF THE 2ND
Baltimore Orioles batting - Pitching for Toronto Blue Jays : LHP Mike Cerretani
Batting: LHB Nate Wagner 0-0: Ball
1-0: Ball
2-0: Ball
3-0: Called Strike
3-1: Called Strike
3-2: Foul Ball, location: 25F
3-2: Strikes out swinging
Batting: RHB Ed Pollock 0-0: Ball
1-0: Foul Ball, location: 2F
1-1: Called Strike
1-2: Strikes out swinging
Batting: LHB Dave Schwabe 0-0: Ball
1-0: Ball
2-0: Foul Ball, location: 25F
2-1: Foul Ball, location: 2F
2-2: Ball
3-2: SOLO HOME RUN (Flyball, 9D, EV 95.0 MPH), Distance : 374 ft
Batting: RHB Danny Haner 0-0: Called Strike
0-1: Ball
1-1: Called Strike
1-2: Ball
2-2: Strikes out looking
Top of the 2nd over - 1 run, 1 hit, 0 errors, 0 left on base; Baltimore 1 - Toronto 0
BOTTOM OF THE 2ND
Toronto Blue Jays batting - Pitching for Baltimore Orioles : RHP Chris Hafer
Batting: LHB Ramon Anguiano 0-0: Foul Ball, location: 3F
0-1: Foul Ball, location: 23F
0-2: Ball
1-2: Ball
2-2: Ball
3-2: Strikes out looking
Batting: LHB Ryan Ricks 0-0: Called Strike
0-1: Called Strike
0-2: Ground out U3 (Groundball, 13, EV 84.4 MPH)
Batting: RHB Josh Sherman 0-0: Swinging Strike
0-1: Called Strike
0-2: Ball
1-2: Foul Ball, location: 9LMF
1-2: Ball
2-2: SINGLE (Groundball, 56D, EV 102.5 MPH) (infield hit)
Batting: SHB Mark Spalding 0-0: Called Strike
0-1: Foul Ball, location: 23F
0-2: Foul Ball, location: 2F
0-2: SINGLE (Groundball, 4D, EV 101.9 MPH)
Josh Sherman to second
Runner from 2nd tries for 3rd, SAFE, throw by CF made to third
Batting: SHB Alex Carrillo 0-0: Ball
1-0: SINGLE (Flyball, 3D, EV 81.9 MPH)
Josh Sherman scores
Mark Spalding to second
Runner from 2nd tries for 3rd, SAFE, throw by RF made to third
Batting: LHB Collin Coleman 0-0: Ball
1-0: Ball
2-0: Foul Ball, location: 5F
2-1: DOUBLE (Line Drive, 78XD, EV 103.1 MPH)
Mark Spalding scores
Alex Carrillo to third
Runner from 3rd tries for Home, SAFE, no throw by LF
Batting: RHB Greg Whitaker 0-0: Ball
1-0: Swinging Strike
1-1: Called Strike
1-2: Ground out 4-3 (Groundball, 4, EV 93.1 MPH)
Bottom of the 2nd over - 3 runs, 4 hits, 0 errors, 1 left on base; Baltimore 1 - Toronto 3
TOP OF THE 3RD
Baltimore Orioles batting - Pitching for Toronto Blue Jays : LHP Mike Cerretani
Batting: RHB Lee Board 0-0: Ball
1-0: Foul Ball, location: 5F
1-1: Foul Ball, location: 2F
1-2: Ball
2-2: Ball
3-2: Strikes out swinging, 2-3 out at first.
Pitching: RHP Blake Dickerson
Batting: LHB Jeremy Marshall 0-0: Called Strike
0-1: Ball
1-1: Swinging Strike
1-2: Foul Ball, location: 5SF
1-2: Foul Ball, location: 2F
1-2: Ball
2-2: Strikes out swinging
Batting: LHB Jerry Peterson 0-0: Called Strike
0-1: Foul Ball, location: 7LDF
0-2: Ball
1-2: Foul Ball, location: 7LSF
1-2: Foul Ball, location: 25F
1-2: Foul Ball, location: 7LSF
1-2: Ground out 6-3 (Groundball, 6M, EV 103.8 MPH)
Top of the 3rd over - 0 runs, 0 hits, 0 errors, 0 left on base; Baltimore 1 - Toronto 3
BOTTOM OF THE 3RD
Toronto Blue Jays batting - Pitching for Baltimore Orioles : RHP Chris Hafer
Batting: LHB John Slaff 0-0: Ball
1-0: Called Strike
1-1: Foul Ball, location: 7LDF
1-2: Foul Ball, location: 25F
1-2: Ball
2-2: Fly out, F9 (Flyball, 89S, EV 98.1 MPH)
Batting: SHB Dennis Desper 0-0: Foul Ball, location: 2F
0-1: Foul Ball, location: 23F
0-2: Foul Ball, location: 3F
0-2: Ball
1-2: Ball
2-2: Ball
3-2: DOUBLE (Line Drive, 5D, EV 95.6 MPH)
Batting: LHB Ramon Anguiano 0-0: Called Strike
0-1: Fly out, F7 (Line Drive, 7S, EV 92.5 MPH)
Batting: LHB Ryan Ricks 0-0: Called Strike
0-1: Ball
1-1: Called Strike
1-2: Foul Ball, location: 2F
1-2: Ground out 5-3 (Groundball, 25, EV 77.5 MPH)
Bottom of the 3rd over - 0 runs, 1 hit, 0 errors, 1 left on base; Baltimore 1 - Toronto 3
TOP OF THE 4TH
Baltimore Orioles batting - Pitching for Toronto Blue Jays : RHP Blake Dickerson
Pitching: RHP Adrian Korner
Batting: RHB Eduardo Lopez 0-0: Swinging Strike
0-1: DOUBLE (Flyball, 89D, EV 86.9 MPH)
Batting: RHB Travis Darling 0-0: Ball
1-0: Foul Ball, location: 25F
1-1: Called Strike
1-2: Strikes out swinging
Batting: LHB Nate Wagner 0-0: Ball
1-0: Foul Ball, location: 7LMF
1-1: Ball
2-1: Fly out, F7 (Line Drive, 7, EV 93.1 MPH)
Pitching: RHP Ivan Juarez
Batting: RHB Ed Pollock 0-0: Foul Ball, location: 3DF
0-1: Ball
1-1: SINGLE (Line Drive, 7S, EV 99.4 MPH)
Eduardo Lopez to third
Runner from 3rd tries for Home, SAFE, throw by LF to home
Batting: LHB Dave Schwabe 0-0: Called Strike
0-1: Ball
1-1: Ball
2-1: Fly out, F6 (Popup, 6MS, EV 73.1 MPH)
Top of the 4th over - 1 run, 2 hits, 0 errors, 1 left on base; Baltimore 2 - Toronto 3
BOTTOM OF THE 4TH
Toronto Blue Jays batting - Pitching for Baltimore Orioles : RHP Chris Hafer
Batting: RHB Josh Sherman 0-0: Called Strike
0-1: Fly out, F2 (Popup, 3SF, EV 92.5 MPH)
Batting: SHB Mark Spalding 0-0: Called Strike
0-1: Foul Ball, location: 2F
0-2: Strikes out looking
Batting: SHB Alex Carrillo 0-0: Ball
1-0: Ball
2-0: Swinging Strike
2-1: Foul Ball, location: 9LSF
2-2: Strikes out swinging
Bottom of the 4th over - 0 runs, 0 hits, 0 errors, 0 left on base; Baltimore 2 - Toronto 3
TOP OF THE 5TH
Baltimore Orioles batting - Pitching for Toronto Blue Jays : RHP Ivan Juarez
Batting: RHB Danny Haner 0-0: Foul Ball, location: 7LMF
0-1: SINGLE (Line Drive, 4MD, EV 94.4 MPH)
Pinch Hitting: RHB Jonathan Skye 0-0: Ball
1-0: Ball
Danny Haner is caught stealing 2nd base 2-4
2-0: Called Strike
2-1: Swinging Strike
2-2: Foul Ball, location: 3F
2-2: Ball
3-2: Foul Ball, location: 3FF
3-2: Strikes out swinging
Pitching: LHP Domingo Tamayo
Batting: LHB Jeremy Marshall 0-0: Foul Ball, location: 2F
0-1: Foul Ball, location: 3F
0-2: Ball
1-2: Foul Ball, location: 2F
1-2: Foul Ball, location: 2F
1-2: Foul Ball, location: 2F
1-2: Ball
2-2: Ball
3-2: SINGLE (Line Drive, 3D, EV 104.4 MPH)
Batting: LHB Jerry Peterson 0-0: Called Strike
0-1: Ball
1-1: Ball
2-1: SINGLE (Line Drive, 8LS, EV 86.3 MPH)
Jeremy Marshall to second
Runner from 2nd tries for 3rd, SAFE, no throw by CF
Batting: RHB Eduardo Lopez 0-0: Called Strike
0-1: Ball
1-1: Called Strike
1-2: Ball
2-2: Ball
3-2: Base on Balls
Jerry Peterson to second
Pitching: RHP Bryan Bassett
Batting: RHB Travis Darling 0-0: Ball
1-0: Ball
2-0: Ball
3-0: Foul Ball, location: 7LSFF
3-1: Swinging Strike
3-2: SINGLE (Groundball, 34S, EV 66.3 MPH) (infield hit)
Jeremy Marshall scores
Jerry Peterson to third
Eduardo Lopez to second
Batting: LHB Nate Wagner 0-0: Ball
1-0: Ball
2-0: Swinging Strike
2-1: Ball
3-1: Base on Balls
Jerry Peterson scores
Eduardo Lopez to third
Travis Darling to second
Batting: RHB Ed Pollock 0-0: Ball
1-0: Called Strike
1-1: Fielders Choice at 2nd, 6-4 (Groundball, 6, EV 91.9 MPH)
Top of the 5th over - 2 runs, 4 hits, 0 errors, 3 left on base; Baltimore 4 - Toronto 3
BOTTOM OF THE 5TH
Toronto Blue Jays batting - Pitching for Baltimore Orioles : RHP Chris Hafer
Now at 2B: Jonathan Skye
Batting: LHB Collin Coleman 0-0: Ball
1-0: Ball
2-0: Ball
3-0: Base on Balls
Batting: RHB Greg Whitaker 0-0: Called Strike
0-1: Foul Ball, location: 2F
0-2: Ball
1-2: Ball
2-2: Foul Ball, location: 25FF
2-2: Foul Ball, location: 5F
2-2: Ball
3-2: Strikes out looking
Batting: LHB John Slaff 0-0: Ball
Collin Coleman is caught stealing 2nd base 2-6
1-0: Fly out, F9 (Flyball, 89M, EV 95.6 MPH)
Bottom of the 5th over - 0 runs, 0 hits, 0 errors, 0 left on base; Baltimore 4 - Toronto 3
TOP OF THE 6TH
Baltimore Orioles batting - Pitching for Toronto Blue Jays : RHP Bryan Bassett
Batting: LHB Dave Schwabe 0-0: Called Strike
0-1: SINGLE (Groundball, 6MD, EV 100.0 MPH)
Batting: RHB Danny Haner 0-0: Foul Ball, location: 9LDF
0-1: Ball
1-1: Swinging Strike
1-2: Foul Ball, location: 9LMF
1-2: Strikes out looking
Batting: RHB Jonathan Skye 0-0: SINGLE (Groundball, 4D, EV 100.0 MPH)
Dave Schwabe to second
Batting: LHB Jeremy Marshall 0-0: Ball
1-0: SINGLE (Groundball, 34D, EV 95.0 MPH)
Dave Schwabe to third
Jonathan Skye to second
Runner from 3rd tries for Home, SAFE, throw by RF to home
Batting: LHB Jerry Peterson 0-0: Ball
1-0: Ball
2-0: Foul Ball, location: 2F
2-1: Ball
3-1: Base on Balls
Jonathan Skye to third
Jeremy Marshall to second
Batting: RHB Eduardo Lopez 0-0: Ball
1-0: Fly out, F9 (Line Drive, 9D, EV 90.6 MPH)
Runner from 3rd tags up, SCORES, no throw by RF
Jeremy Marshall to third
Batting: RHB Travis Darling 0-0: Ball
1-0: 3-RUN HOME RUN (Flyball, 7D, EV 98.1 MPH), Distance : 371 ft
Pitching: RHP Victor Urueta
Batting: LHB Nate Wagner 0-0: Ball
1-0: Called Strike
1-1: Ball
2-1: Ball
3-1: Base on Balls
Batting: RHB Ed Pollock 0-0: Hit by Pitch
Nate Wagner to second
Batting: LHB Dave Schwabe 0-0: Ball
1-0: Ball
2-0: Swinging Strike
2-1: Foul Ball, location: 2F
2-2: Strikes out swinging
Top of the 6th over - 5 runs, 4 hits, 0 errors, 2 left on base; Baltimore 9 - Toronto 3
BOTTOM OF THE 6TH
Toronto Blue Jays batting - Pitching for Baltimore Orioles : RHP Chris Hafer
Batting: SHB Dennis Desper 0-0: Called Strike
0-1: Ball
1-1: Foul Ball, location: 9LSF
1-2: Fly out, F5 (Popup, 5SF, EV 78.1 MPH)
Batting: LHB Ramon Anguiano 0-0: Ball
1-0: Swinging Strike
1-1: Fly out, F8 (Flyball, 8RD, EV 110.6 MPH)
Batting: LHB Ryan Ricks 0-0: Called Strike
0-1: Ball
1-1: Ball
2-1: Ball
3-1: Called Strike
3-2: Strikes out looking
Bottom of the 6th over - 0 runs, 0 hits, 0 errors, 0 left on base; Baltimore 9 - Toronto 3
TOP OF THE 7TH
Baltimore Orioles batting - Pitching for Toronto Blue Jays : RHP Victor Urueta
Batting: RHB Danny Haner 0-0: Ball
1-0: Called Strike
1-1: Ball
2-1: Swinging Strike
2-2: Fly out, F7 (Flyball, 78M, EV 90.0 MPH)
Batting: RHB Jonathan Skye 0-0: Swinging Strike
0-1: Swinging Strike
0-2: Ball
1-2: Foul Ball, location: 7LSF
1-2: Ball
2-2: Strikes out swinging
Batting: LHB Jeremy Marshall 0-0: Ball
1-0: Reached on error, E4 (Groundball, 4, EV 82.5 MPH)
Batting: LHB Jerry Peterson 0-0: Ball
1-0: Called Strike
1-1: Ball
2-1: Ball
3-1: Called Strike
3-2: Foul Ball, location: 2F
3-2: Foul Ball, location: 7LSF
3-2: Ground out 6-3 (Groundball, 6, EV 85.0 MPH)
Top of the 7th over - 0 runs, 0 hits, 1 error, 1 left on base; Baltimore 9 - Toronto 3
BOTTOM OF THE 7TH
Toronto Blue Jays batting - Pitching for Baltimore Orioles : RHP Chris Hafer
Pitching: RHP Brent Brzezinski
Batting: RHB Josh Sherman 0-0: Ball
1-0: Foul Ball, location: 5F
1-1: Swinging Strike
1-2: Ground out 5-3 (Groundball, 56, EV 103.8 MPH)
Batting: SHB Mark Spalding 0-0: Foul Ball, location: 3F
0-1: Ball
1-1: Ball
2-1: Ball
3-1: Foul Ball, location: 9LMF
3-2: Foul Ball, location: 2F
3-2: Foul Ball, location: 2F
3-2: Base on Balls
Batting: SHB Alex Carrillo 0-0: Swinging Strike
0-1: Foul Ball, location: 2F
0-2: Ball
1-2: Foul Ball, location: 7LMF
1-2: Ball
2-2: Strikes out swinging
Batting: LHB Collin Coleman 0-0: Ball
1-0: DOUBLE (Line Drive, 9LD, EV 107.5 MPH)
Mark Spalding to third
Runner from 3rd tries for Home, SAFE, no throw by RF
Batting: RHB Greg Whitaker 0-0: Ball
Wild Pitch!
Collin Coleman to third
1-0: Called Strike
1-1: Ball
2-1: Ball
3-1: Foul Ball, location: 5FF
3-2: Foul Ball, location: 9LSF
3-2: Strikes out swinging
Bottom of the 7th over - 1 run, 1 hit, 0 errors, 1 left on base; Baltimore 9 - Toronto 4
TOP OF THE 8TH
Baltimore Orioles batting - Pitching for Toronto Blue Jays : RHP Victor Urueta
Pitching: RHP Adam Lyons
Batting: RHB Eduardo Lopez 0-0: Foul Ball, location: 9LMF
0-1: Ball
1-1: Ball
2-1: Ball
3-1: Base on Balls
Batting: RHB Travis Darling 0-0: Ball
1-0: Fly out, F6 (Flyball, 56D, EV 96.3 MPH)
Batting: LHB Nate Wagner 0-0: Ball
1-0: Foul Ball, location: 5FF
1-1: Swinging Strike
1-2: Ball
2-2: Ball
3-2: Base on Balls
Eduardo Lopez to second
Batting: RHB Ed Pollock 0-0: Ball
1-0: Called Strike
1-1: Called Strike
1-2: Foul Ball, location: 5DF
1-2: Ball
2-2: Ball
3-2: Strikes out swinging
Batting: LHB Dave Schwabe 0-0: Called Strike
0-1: Foul Ball, location: 2F
0-2: Strikes out swinging
Top of the 8th over - 0 runs, 0 hits, 0 errors, 2 left on base; Baltimore 9 - Toronto 4
BOTTOM OF THE 8TH
Toronto Blue Jays batting - Pitching for Baltimore Orioles : RHP Brent Brzezinski
Pitching: RHP Jared Norton
Now in LF: Rafael Garza
Now in CF: Danny Haner
Batting: LHB John Slaff 0-0: Called Strike
0-1: Called Strike
0-2: Foul Ball, location: 7LDF
0-2: Ball
1-2: Ball
2-2: Ball
3-2: Base on Balls
Batting: SHB Dennis Desper 0-0: Ball
1-0: Ball
2-0: 2-RUN HOME RUN (Flyball, 9D, EV 98.8 MPH), Distance : 406 ft
Batting: LHB Ramon Anguiano 0-0: Ball
1-0: SINGLE (Flyball, 4MD, EV 88.8 MPH)
Pitching: RHP Roger Diaz
Batting: LHB Ryan Ricks 0-0: Ball
1-0: Called Strike
1-1: Swinging Strike
1-2: Strikes out swinging
Pinch Hitting: SHB Matt Gordon 0-0: Called Strike
0-1: Ball
1-1: Foul Ball, location: 2F
1-2: Ball
2-2: Foul Ball, location: 3FF
2-2: Fly out, F7 (Flyball, 7, EV 96.9 MPH)
Pinch Hitting: RHB Danny Daugherty 0-0: Called Strike
0-1: Ball
1-1: Fly out, F8 (Flyball, 89M, EV 78.8 MPH)
Bottom of the 8th over - 2 runs, 2 hits, 0 errors, 1 left on base; Baltimore 9 - Toronto 6
TOP OF THE 9TH
Baltimore Orioles batting - Pitching for Toronto Blue Jays : RHP Adam Lyons
Pitching: RHP Ryan Czarnecki
Now at 3B: John Johansen
Now at SS: Brian Jones
Batting: RHB Danny Haner 0-0: Foul Ball, location: 5F
0-1: Foul Ball, location: 25F
0-2: Foul Ball, location: 2F
0-2: Foul Ball, location: 7LMF
0-2: Strikes out looking
Batting: RHB Jonathan Skye 0-0: Ball
1-0: Swinging Strike
1-1: Foul Ball, location: 25FF
1-2: Ball
2-2: Foul Ball, location: 3DF
2-2: Foul Ball, location: 9LSFF
2-2: Foul Ball, location: 2LF
2-2: Ball
3-2: Foul Ball, location: 7LMFF
3-2: Foul Ball, location: 2F
3-2: Strikes out swinging, 2-3 out at first.
Batting: SHB Rafael Garza 0-0: Called Strike
0-1: Ball
1-1: Ball
2-1: Ball
3-1: Called Strike
3-2: Base on Balls
Batting: LHB Jerry Peterson 0-0: Swinging Strike
0-1: Ball
1-1: Ball
2-1: Foul Ball, location: 7LSF
2-2: Strikes out looking
Top of the 9th over - 0 runs, 0 hits, 0 errors, 1 left on base; Baltimore 9 - Toronto 6
BOTTOM OF THE 9TH
Toronto Blue Jays batting - Pitching for Baltimore Orioles : RHP Roger Diaz
Batting: SHB Alex Carrillo 0-0: Called Strike
0-1: Fly out, F8 (Flyball, 78M, EV 95.6 MPH)
Batting: LHB Collin Coleman 0-0: Swinging Strike
0-1: Ball
1-1: Ball
2-1: Called Strike
2-2: Foul Ball, location: 2F
2-2: Ball
3-2: Fly out, F9 (Flyball, 89S, EV 95.6 MPH)
Batting: RHB Greg Whitaker 0-0: Foul Ball, location: 2LF
0-1: Swinging Strike
0-2: Ball
1-2: Ball
2-2: Ball
3-2: Foul Ball, location: 2F
3-2: Ground out 6-3 (Groundball, 6, EV 81.3 MPH)
Bottom of the 9th over - 0 runs, 0 hits, 0 errors, 0 left on base; Baltimore 9 - Toronto 6
Tuesday, April 16th , 2024 - OOTP Baseball 24.11 Build 85